Map: District de Néokirk EC (Void)

Players

Absolitaire

  • Race: Protoss Protoss
  • League: Gold
  • Spawn Location: 7:00

Hypnos - Winner!

  • Race: Protoss Protoss
  • League: Gold
  • Spawn Location: 5:00

VOD

Have the link to the VOD?

Description

Time

  • Played on: Dec. 21, 2016, 1:46 p.m.
  • Length: 3:05
Show
View Real Time Build Order
Export as new Build Order

Absolitaire Protoss 

Build Orders:  

Get SALT Encoding   

  12  0:01  Probe (Chrono Boost)  
  13  0:11  Probe (Chrono Boost)  
  14  0:18  Pylon  
  14  0:22  Probe (Chrono Boost)  
  15  0:37  Probe (Chrono Boost)  
  15  0:38  Gateway  
  16  0:48  Probe (Chrono Boost)  
  17  0:52  Assimilator  
  17  0:58  Probe (Chrono Boost)  
  18  1:09  Probe (Chrono Boost)  
  19  1:19  Probe (Chrono Boost)  
  20  1:26  Cybernetics Core  
  20  1:29  Assimilator  
  21  1:32  Probe (Chrono Boost)  
  21  1:38  Pylon x2  
  21  1:43  Probe (Chrono Boost)  
  22  1:54  Probe (Chrono Boost)  
  23  2:00  Gateway  
  23  2:07  Gateway  
  23  2:10  Mothership Core (Chrono Boost)  
  25  2:33  Pylon  
Show
View Real Time Build Order
Export as new Build Order

Hypnos Protoss - Winner!

Build Orders:  

Get SALT Encoding   

  12  0:01  Probe (Chrono Boost)  
  13  0:14  Pylon  
  13  0:33  Forge  
  13  0:54  Pylon  
  13  1:13  Photon Cannon  
  13  1:14  Photon Cannon  
  13  1:21  Gateway  
  13  1:42  Pylon  
  13  2:01  Photon Cannon  
  13  2:13  Photon Cannon  
  13  2:24  Pylon  
  13  2:30  Photon Cannon  
  13  2:43  Photon Cannon  
  13  2:52  Photon Cannon  
  13  2:59  Pylon  
Tags
 
Add a new tag
Caveats
  • Supply blocks, unpowered buildings, or Contaminate may cause inaccurate times.
  • Supply counts are checked every 10 seconds.